Unix NetHack Version 3.7.0-88 Work-in-progress - last build Jul 17 2023 12:26:22 (ff3987481174382ea04ebda72e34ac83a40b9a22,branch:master). Game began 2023-07-19 09:04:30, ended 2023-07-19 09:48:25. Uncleleo, lawful female dwarven Archeologist -------- ##### .......| ##### |......|###################%##` #### ------ ######....{..|# ----------------# #### |....|## |<.....|# |*.............|# -----.... #......#######........######..........`.....########......... #########B#......#####################................########......>.. ########@##......#####################................########......... ###################################################*##########......... #######################################G######################......... ############################.....########h###############%####......... ############################.....###############################h###### ..........##################.....#############........################# ..........##################.....#######*#####........##``############# ..........##################.....#############......{.#`#``############ .....{....###############h##.....#############........##```############ ..........##################.....#############........################# #################################h##################################### Uncleleo the Investigator St:13 Dx:12 Co:17 In:14 Wi:14 Ch:7 Lawful S:1953 Dlvl:1 $:63 HP:0(58) Pw:23(23) AC:9 Xp:6/465 T:12265 Latest messages: The homunculus bites! The homunculus bites! The homunculus bites! The combat suddenly awakens you. a - a burnt +3 bullwhip (weapon in hand). e - a +0 pick-axe (alternate weapon; not wielded). The homunculus bites! You lash the homunculus! The homunculus bites! You lash the homunculus! The homunculus bites! You kill the homunculus! You are carrying too much to get through. e - a +0 pick-axe (weapon in hand). a - a burnt +3 bullwhip (alternate weapon; not wielded). You start digging. You hit the rock with all your might. You make an opening in the wall. You start digging. You hit the rock with all your might. You make an opening in the wall. The giant bat bites! The giant bat bites! You miss the giant bat. The giant bat bites! You hit the giant bat. The giant bat bites! The giant bat bites! You hit the giant bat. The giant bat bites! The giant bat bites! The giant bat bites! The giant bat bites! The giant bat bites! The giant bat bites! You start digging. You hit the rock with all your might. You stop digging. The giant bat bites! The giant bat bites! The giant bat bites! The giant bat bites! Are you sure you want to pray? [yn] (n) y You begin praying to Quetzalcoatl. The giant bat bites! You die... Do you want your possessions identified? [ynq] (y) y Do you want to see your attributes? [ynq] (y) y Do you want an account of creatures vanquished? [ynaq] (y) y Do you want to see your conduct and achievements? [ynq] (y) q Inventory: Coins $ - 63 gold pieces Weapons t - 3 +0 darts V - a +0 elven dagger o - a +0 elven spear X - a blessed +0 orcish dagger B - a +1 orcish dagger x - 3 +0 orcish daggers a - a burnt +3 bullwhip (alternate weapon; not wielded) Armor A - a cursed +0 dunce cap z - an uncursed +0 elven leather helm c - an uncursed +0 fedora (being worn) F - an uncursed +0 orcish helm J - an uncursed +0 orcish helm m - a cursed +0 orcish helm Y - an uncursed +2 oilskin cloak b - an uncursed +0 leather jacket (being worn) Comestibles v - 5 uncursed lichen corpses Scrolls y - an uncursed scroll of confuse monster G - an uncursed scroll of enchant armor D - an uncursed scroll of gold detection S - an uncursed scroll of light C - an uncursed scroll of magic mapping H - an uncursed scroll of punishment Tools h - an empty uncursed sack w - an uncursed leash i - an uncursed oil lamp e - a +0 pick-axe (weapon in hand) f - a tinning kit (0:35) Gems/Stones g - an uncursed touchstone Uncleleo the Archeologist's attributes: Background: You were an Investigator, a level 6 female dwarven Archeologist. You were lawful, on a mission for Quetzalcoatl who was opposed by Camaxtli (neutral) and Huhetotl (chaotic). You were in the Dungeons of Doom, on level 1. You entered the dungeon 12265 turns ago. There was a new moon in effect when your adventure ended. You had 465 experience points, 175 more were needed to attain level 7. Your score was 1953 before end-of-game adjustments. Basics: You had 0 out of 58 hit points. You had all 23 energy points (spell power). Your armor class was 9. Your wallet contained 63 zorkmids. Autopickup was off. Final Characteristics: Your strength was 13 (limit:18/100). Your dexterity was 12 (limit:20). Your constitution was 17 (limit:20). Your intelligence was 14 (limit:16). Your wisdom was 14 (peak:16, limit:16). Your charisma was 7 (limit:16). Final Status: You were not hungry. You were unencumbered. You were wielding a pick-axe. You had basic skill with pick-axe. Final Attributes: You were piously aligned. You were poison resistant. You were telepathic. You had automatic searching. You had infravision. You were stealthy. You aggravated monsters. You were unlucky. You are dead. Miscellaneous: You never encountered a bones level. Total elapsed playing time was 27 minutes and 23 seconds. Major events: Turn 1: Uncleleo the lawful female dwarven Archeologist entered the dungeon 5967: attained the rank of Field Worker (level 3) 10028: attained the rank of Investigator (level 6) 12265: killed by a giant bat, while praying Vanquished creatures: a housecat a shrieker a little dog 2 floating eyes a kitten a homunculus a giant bat 2 orc zombies a dwarf zombie 2 werejackals 8 iguanas 2 acid blobs a hobbit 15 manes a giant rat 4 cave spiders 2 yellow molds 2 green molds 2 red molds 10 garter snakes 2 gnome zombies 10 geckos 15 jackals 5 foxes 5 kobolds 9 goblins 8 sewer rats 29 grid bugs a bat 29 lichens a kobold zombie 23 newts 197 creatures vanquished. No species were genocided or became extinct. Voluntary challenges: You read items or engraved 2 times. You never engraved Elbereth. You never genocided any monsters. You never polymorphed an object. You never changed form. You used no wishes. Achievements: You attained the rank of Field Worker. You attained the rank of Investigator. The Dungeons of Doom: Level 1: <- You were here. Many fountains. Final resting place for you, killed by a giant bat, while praying. Game over: ---------- / \ / REST \ / IN \ / PEACE \ / \ | Uncleleo | | 63 Au | | killed by a | | giant bat | | | | | | 2023 | *| * * * | * _________)/\\_//(\/(/\)/\//\/|_)_______ Goodbye Uncleleo the Archeologist... You died in The Dungeons of Doom on dungeon level 1 with 1947 points, and 63 pieces of gold, after 12265 moves. You were level 6 with a maximum of 58 hit points when you died.